AoeStats
← kova32ajsk

Lombardia

508580251Analyzed
2v2 RM · 10d ago on Sep 23, 2026· 35m 19s· 4 players
Game mode
Random Map
Map size
Medium (4 player)
Population
200
Speed
Normal
Resources
Standard
Victory
Conquest
Starting age
Dark Age
Ending age
Imperial Age
RankedLock teamsTeams togetherTeam positionsShared explorationLock speedFull tech treeHidden civsTurbo modeCheats
Victory
Defeat
🇦🇷 Poles · Argentina
975
+15
🇦🇷 Hindustanis · Argentina
777
+22
🇺🇸 Britons · United States
953
-19
🇲🇽 Huns · Mexico
916
-47
kova32ajsk
10:56 Feudal Age
12:13 Wheelbarrow
11:25 Double-Bit Axe
17:57 Castle Age
16:17 Stone Mining
17:11 Horse Collar
17:54 Gold Mining
19:28 Hand Cart
27:54 Gold Shaft Mining
30:39 Bow Saw
33:09 Imperial Age
32:45 Heavy Plow
32:53 Pikeman
33:33 Squires
34:53 Chemistry
33:49 Fletching
34:00 Padded Archer Armor
34:01 Scale Mail Armor
koes08
12:38 Feudal Age
15:10 Wheelbarrow
20:43 Castle Age
22:00 Double-Bit Axe
23:14 Pikeman
31:03 Man-at-Arms
Gordo
0:35 Loom
11:09 Feudal Age
17:05 Castle Age
17:21 Bloodlines
18:32 Horse Collar
20:09 Scale Barding Armor
21:34 Chain Barding Armor
24:03 Forging
27:37 Husbandry
28:15 Iron Casting
28:09 Double-Bit Axe
30:25 Scale Mail Armor
32:32 Wheelbarrow
31:42 Town Watch
Zeraphim
0:59 Loom
11:16 Feudal Age
11:47 Town Watch
11:54 Double-Bit Axe
21:03 Castle Age
24:20 Wheelbarrow
23:19 Crossbowman
26:38 Forging
26:18 Fletching
26:29 Scale Mail Armor
28:16 Pikeman
28:57 Squires
30:01 Thumb Ring
30:22 Husbandry
30:37 Arson
30:14 Man-at-Arms
33:37 Bloodlines
32:48 Light Cavalry
33:29 Bodkin Arrow
33:35 Padded Archer Armor
34:57 Ballistics
Connection lost

Rejoining the realm…

Still unreachable

The connection could not be restored.

Session expired

The server has moved on; the page needs a fresh start.